AoeStats
← [KMNB] Bandeira

African Clearing

510359593Analyzed
2v2 RM · 20h ago on Sep 30, 2026· 36m 47s· 4 players
Game mode
Random Map
Map size
Medium (4 player)
Population
200
Speed
Normal
Resources
Standard
Victory
Conquest
Starting age
Dark Age
Ending age
Imperial Age
RankedLock teamsTeams togetherTeam positionsShared explorationLock speedFull tech treeHidden civsTurbo modeCheats
Victory
Defeat
🇧🇷 Magyars · Brazil
1538
+14
🇧🇷 Huns · Brazil
1483
+17
🇩🇪 Tupi · Germany
1542
-17
🇨🇿 Mongols · Czechia
1457
-14
Amigo
9:44 Loom
12:00 Feudal Age
19:23 Castle Age
28:31 Fletching
32:14 Double-Bit Axe
fall
9:13 Loom
12:09 Feudal Age
13:14 Double-Bit Axe
26:51 Castle Age
28:41 Fletching
29:19 Padded Archer Armor
29:29 Bodkin Arrow
29:51 Bloodlines
30:13 Padded Archer Armor
31:34 Horse Collar
31:47 Town Watch
32:40 Husbandry
36:36 Leather Archer Armor
[KMNB] Bandeira
4:32 Loom
12:01 Feudal Age
13:12 Double-Bit Axe
17:51 Scale Barding Armor
25:08 Castle Age
23:32 Bloodlines
24:51 Gold Mining
24:56 Horse Collar
26:14 Chain Barding Armor
29:06 Husbandry
34:05 Ballistics
36:17 Stone Mining
[KMNB] Dedão
4:23 Loom
13:01 Feudal Age
17:27 Castle Age
16:28 Double-Bit Axe
17:21 Fletching
21:52 Bow Saw
22:48 Horse Collar
24:57 Town Watch
26:58 Wheelbarrow
27:07 Gold Mining
27:55 Scale Barding Armor
28:36 Stone Mining
31:37 Ballistics
32:17 Forging
35:02 Chain Barding Armor
36:53 Hand Cart
39:26 Imperial Age
Connection lost

Rejoining the realm…

Still unreachable

The connection could not be restored.

Session expired

The server has moved on; the page needs a fresh start.